Rampage vs Punishers
(R1)
Created - October 16, 2023 at 19:13
Goals
|
| Rampage |
2 |
1 |
1 |
4 |
| Punishers |
0 |
1 |
0 |
1 |
|
Shots
|
| Rampage |
14 |
7 |
7 |
28 |
| Punishers |
10 |
11 |
9 |
30 |
|
1st period
1. Rampage , Jordan Kyrou 1 (Jeremy Lauzon 2) at 16:00
2. Rampage , Anthony Richard 1 (Jordan Kyrou 1) at 19:33
Penalties :
No Penalty
2nd period
3. Rampage , Joachim Blichfeld 2 (Dominik Simon 3, Ethan Bear 2) at 4:17
4. Punishers , Anton Blidh 1 (Daniel Audette 1) at 5:10
Penalties :
Emil Bemstrom (San) for Slashing (Minor) at 1:42, Dylan Sikura (San) for Roughing (Minor) at 5:57, Dominik Simon (San) for Hooking (Minor) at 17:20
3rd period
5. Rampage , Jeremy Lauzon 1 (Rourke Chartier 4, Jordan Kyrou 2) at 7:33 (PP)
Penalties :
Corey Tropp (Pro) for Holding (Minor) at 6:57, Ethan Bear (San) for Elbowing (Minor) at 9:48, Oskar Lindblom (Pro) for Slashing (Minor) at 13:00
Goalie Stats
Jake Oettinger (San), 29 saves from 30 shots - (0.967), W, 2-1-0, 60:00 minutes
Antoine Bibeau (Pro), 24 saves from 28 shots - (0.857), L, 0-2-0, 60:00 minutes
Players Stats for Rampage
Player Name G A P +/- PIM S H SB GA TA FO MP PP MP PK MP
------------------------------------------------------------------------------------
Anthony Richard 1 0 1 1 0 2 1 0 0 0 3/11 15:55 0:55 0:09
Artturi Lehkonen 0 0 0 0 0 2 2 0 0 0 1/1 11:46 0:00 1:53
Dominik Simon 0 1 1 1 2 5 1 0 0 1 1/2 20:20 1:40 0:36
Dylan Blujus 0 0 0 0 0 2 3 2 1 0 0/0 25:34 1:08 5:07
Dylan Sikura 0 0 0 0 2 1 1 0 0 0 0/0 12:29 0:00 2:06
Emil Bemstrom 0 0 0 0 2 0 1 0 0 0 0/0 8:39 0:00 0:22
Ethan Bear 0 1 1 2 2 3 1 2 0 1 0/0 28:06 1:27 2:13
Frederic Allard 0 0 0 1 0 0 1 4 0 2 0/0 12:38 0:00 0:36
Henri Jokiharju 0 0 0 -1 0 0 1 2 0 0 0/0 23:32 1:08 5:07
Jeremy Lauzon 1 1 2 2 0 3 2 1 0 1 0/0 24:45 1:27 2:27
Joachim Blichfeld 1 0 1 1 0 4 2 1 0 0 0/0 18:40 0:55 0:00
Jordan Kyrou 1 2 3 1 0 4 2 1 1 0 2/2 15:17 1:40 0:00
Matt Roy 0 0 0 0 0 0 0 2 0 0 0/0 2:50 0:00 0:00
Paul Cotter 0 0 0 0 0 0 2 0 0 0 0/0 9:01 0:55 0:22
Pierre Engvall 0 0 0 1 0 1 2 0 0 1 1/2 17:50 0:00 3:51
Rourke Chartier 0 1 1 1 0 1 3 0 2 0 9/27 19:39 1:40 0:03
Trent Frederic 0 0 0 0 0 0 0 0 0 0 2/8 12:31 0:00 4:29
Zach Stepan 0 0 0 0 0 0 0 0 1 0 3/7 12:28 0:00 2:23
Players Stats for Punishers
Player Name G A P +/- PIM S H SB GA TA FO MP PP MP PK MP
------------------------------------------------------------------------------------
Anton Blidh 1 0 1 0 0 2 1 0 1 0 0/0 12:20 0:07 0:51
Artem Zub 0 0 0 -1 0 1 0 2 0 1 0/0 27:21 5:13 1:42
Austen Brassard 0 0 0 0 0 0 1 0 1 0 0/1 11:29 0:07 0:00
Ben Betker 0 0 0 0 0 1 0 3 0 1 0/0 20:30 2:43 0:53
Ben Meyers 0 0 0 -1 0 1 1 0 0 0 1/1 8:58 0:00 0:00
Connor Clifton 0 0 0 -1 0 0 0 2 0 0 0/0 12:09 0:00 0:00
Corey Tropp 0 0 0 -1 2 4 0 1 2 0 1/1 20:37 4:37 0:00
Daniel Audette 0 1 1 0 0 1 1 0 0 0 3/6 11:29 0:01 0:15
Fredrik Claesson 0 0 0 0 0 0 3 0 0 0 0/0 20:30 2:43 0:53
Jesse Ylonen 0 0 0 -1 0 2 0 0 0 1 0/0 8:58 0:00 0:00
John Quenneville 0 0 0 -1 0 4 1 1 0 0 21/33 22:42 4:43 1:44
Kevin Roy 0 0 0 0 0 3 2 0 0 0 9/14 16:51 3:12 0:36
Kole Lind 0 0 0 0 0 3 1 0 1 0 0/0 16:15 3:12 0:00
Niko Mikkola 0 0 0 -1 0 0 0 2 0 1 0/0 12:09 0:00 0:00
Noah Juulsen 0 0 0 -1 0 2 2 0 0 1 0/0 27:21 5:13 1:42
Oskar Lindblom 0 0 0 -1 2 3 4 2 1 0 1/1 20:42 4:37 0:00
Phillip Danault 0 0 0 0 0 2 3 1 0 0 2/3 18:04 3:12 1:44
Tanner Jeannot 0 0 0 -1 0 1 4 0 0 0 0/0 8:58 0:00 0:00
3 Stars
1 - Jordan Kyrou (San)
2 - Jeremy Lauzon (San)
3 - Jake Oettinger (San)
Power Play
Rampage - 1 on 2 Attempt(s) - 50.00%
Punishers - 0 on 4 Attempt(s) - 0.00%
Penalty Kill
Rampage - 4 on 4 Attempt(s) - 100.00%
- Score 0 goal in Penalty Kill
Punishers - 1 on 2 Attempt(s) - 50.00%
- Score 0 goal in Penalty Kill
Team Stat
Rampage - Hits : 25 - Faceoff Wins : 22 - Blocked Shots : 15 - Penalty Minutes : 8
Punishers - Hits : 24 - Faceoff Wins : 38 - Blocked Shots : 14 - Penalty Minutes : 4
Official
Referees : Furman South and Tim Peel
Linesman : Greg Devorski and Scott Cherrey
Game Notes
Matt Roy is injured at 9:44 of 1st period (Left Foot)
Finance
Level 1 -- Attendance: 1724 (86.20%) -- Ticket Income $120,680
Level 2 -- Attendance: 908 (90.80%) -- Ticket Income $36,320
Total Attendance: 2632 (87.73%)
Total Ticket Income: $157,000
Other Income: $7,850
Total Income: $164,850
Rampage
5 vs 5 Forward
Center Left Wing Right Wing Time % Phy DF OF
1 Rourke Chartier Dominik Simon Joachim Blichfeld 40 1 2 2
2 Anthony Richard Pierre Engvall Jordan Kyrou 30 1 2 2
3 Zach Stepan Artturi Lehkonen Dylan Sikura 20 1 2 2
4 Trent Frederic Paul Cotter Emil Bemstrom 10 1 2 2
5 vs 5 Defense
Defense Defense Time % Phy DF OF
1 Jeremy Lauzon Ethan Bear 40 1 2 2
2 Dylan Blujus Henri Jokiharju 30 1 2 2
3 Frederic Allard Matt Roy 20 1 2 2
4 Matt Roy Dylan Blujus 10 1 2 2
PowerPlay Forward
Center Left Wing Right Wing Time % Phy DF OF
1 Rourke Chartier Dominik Simon Jordan Kyrou 60 1 2 2
2 Anthony Richard Paul Cotter Joachim Blichfeld 40 1 2 2
PowerPlay Defense
Defense Defense Time % Phy DF OF
1 Ethan Bear Jeremy Lauzon 60 1 2 2
2 Henri Jokiharju Matt Roy 40 1 2 2
Penalty Kill 4 Players Forward
Center Wing Time % Phy DF OF
1 Trent Frederic Pierre Engvall 60 1 2 2
2 Zach Stepan Dylan Sikura 40 1 2 2
Penalty Kill 4 Players Defense
Defense Defense Time % Phy DF OF
1 Henri Jokiharju Dylan Blujus 60 1 2 2
2 Ethan Bear Jeremy Lauzon 40 1 2 2
Penalty Kill - 3 Players Forward
Forward Time % Phy DF OF
1 Trent Frederic 60 1 2 2
2 Pierre Engvall 40 1 2 2
Penalty Kill - 3 Players Defense
Defense Defense Time % Phy DF OF
1 Henri Jokiharju Dylan Blujus 60 1 2 2
2 Jeremy Lauzon Ethan Bear 40 1 2 2
4 vs 4 Forward
Center Wing Time % Phy DF OF
1 Rourke Chartier Dominik Simon 60 1 2 2
2 Zach Stepan Pierre Engvall 40 1 2 2
4 vs 4 Defense
Defense Defense Time % Phy DF OF
1 Matt Roy Ethan Bear 60 1 2 2
2 Dylan Blujus Jeremy Lauzon 40 1 2 2
Last Minutes Offensive
Center Left Wing Right Wing Defense Defense
Rourke Chartier Dominik Simon Joachim Blichfeld Jeremy Lauzon Ethan Bear
Last Minutes Defensive
Center Left Wing Right Wing Defense Defense
Trent Frederic Pierre Engvall Dylan Sikura Henri Jokiharju Dylan Blujus
Goaltenders
Starting : Jake Oettinger
Backup : Magnus Hellberg
Extra Forwards
Normal : Dominik Simon, Dylan Sikura, Zach Stepan - PP : Trent Frederic, Jordan Kyrou - PK : Artturi Lehkonen
Extra Defensemen
Normal : Dylan Blujus, Ethan Bear, Henri Jokiharju - PP : Matt Roy - PK : Frederic Allard, Matt Roy
Penalty Shots
Jordan Kyrou, Rourke Chartier, Anthony Richard, Joachim Blichfeld, Dylan Sikura
Custom OT Lines Forwards
Dominik Simon, Pierre Engvall, Rourke Chartier, Jordan Kyrou, Dylan Sikura, Anthony Richard, Joachim Blichfeld, Zach Stepan, Artturi Lehkonen, Paul Cotter
Custom OT Lines Defensemen
Ethan Bear, Dylan Blujus, Jeremy Lauzon, Matt Roy, Henri Jokiharju
Scratches
Rasmus Kupari (Healthy), Nathan Smith (Healthy), Calen Addison (Healthy), Sami Niku (Healthy), Warren Foegele (Healthy)
Trey Fix-Wolansky (Healthy), Emil Larmi (Healthy)
Punishers
5 vs 5 Forward
Center Left Wing Right Wing Time % Phy DF OF
1 John Quenneville Oskar Lindblom Corey Tropp 40 0 2 3
2 Kevin Roy Phillip Danault Kole Lind 31 0 2 3
3 Daniel Audette Anton Blidh Austen Brassard 20 1 2 2
4 Ben Meyers Tanner Jeannot Jesse Ylonen 9 1 2 2
5 vs 5 Defense
Defense Defense Time % Phy DF OF
1 Noah Juulsen Artem Zub 40 1 2 2
2 Ben Betker Fredrik Claesson 30 1 2 2
3 Connor Clifton Niko Mikkola 20 1 2 2
4 Noah Juulsen Artem Zub 10 1 2 2
PowerPlay Forward
Center Left Wing Right Wing Time % Phy DF OF
1 John Quenneville Oskar Lindblom Corey Tropp 60 1 2 2
2 Kevin Roy Phillip Danault Kole Lind 40 1 2 2
PowerPlay Defense
Defense Defense Time % Phy DF OF
1 Noah Juulsen Artem Zub 60 1 2 2
2 Ben Betker Fredrik Claesson 40 1 2 2
Penalty Kill 4 Players Forward
Center Wing Time % Phy DF OF
1 John Quenneville Phillip Danault 60 1 2 2
2 Kevin Roy Oskar Lindblom 40 1 2 2
Penalty Kill 4 Players Defense
Defense Defense Time % Phy DF OF
1 Noah Juulsen Artem Zub 60 1 2 2
2 Ben Betker Fredrik Claesson 40 1 2 2
Penalty Kill - 3 Players Forward
Forward Time % Phy DF OF
1 John Quenneville 60 1 2 2
2 Kevin Roy 40 1 2 2
Penalty Kill - 3 Players Defense
Defense Defense Time % Phy DF OF
1 Noah Juulsen Artem Zub 60 1 2 2
2 Ben Betker Fredrik Claesson 40 1 2 2
4 vs 4 Forward
Center Wing Time % Phy DF OF
1 John Quenneville Oskar Lindblom 60 1 2 2
2 Kevin Roy Phillip Danault 40 1 2 2
4 vs 4 Defense
Defense Defense Time % Phy DF OF
1 Noah Juulsen Artem Zub 60 1 2 2
2 Ben Betker Fredrik Claesson 40 1 2 2
Last Minutes Offensive
Center Left Wing Right Wing Defense Defense
John Quenneville Oskar Lindblom Corey Tropp Noah Juulsen Artem Zub
Last Minutes Defensive
Center Left Wing Right Wing Defense Defense
John Quenneville Phillip Danault Corey Tropp Noah Juulsen Artem Zub
Goaltenders
Starting : Antoine Bibeau
Backup : Cal Petersen
Extra Forwards
Normal : Phillip Danault, Kevin Roy, Austen Brassard - PP : Phillip Danault, Kevin Roy - PK : Phillip Danault
Extra Defensemen
Normal : Fredrik Claesson, Connor Clifton, Niko Mikkola - PP : Fredrik Claesson - PK : Fredrik Claesson, Connor Clifton
Penalty Shots
Corey Tropp, John Quenneville, Anton Blidh, Oskar Lindblom, Phillip Danault
Custom OT Lines Forwards
Corey Tropp, John Quenneville, Anton Blidh, Oskar Lindblom, Phillip Danault, Kevin Roy, Austen Brassard, Daniel Audette, Kole Lind, Tanner Jeannot
Custom OT Lines Defensemen
Noah Juulsen, Artem Zub, Ben Betker, Fredrik Claesson, Connor Clifton
Scratches
John Hayden (Healthy), Nicolas Beaudin (Healthy), Jack Ahcan (Healthy), Carson Meyer (Healthy), Marcus Karlberg (Healthy)
Jack LaFontaine (Healthy)
% Time on Ice - Rampage
Lines # - Real PCT - Wanted PCT - Time Play
Normal Forward
1 - 36% - 40% - 18:03
2 - 30% - 30% - 14:57
3 - 18% - 20% - 8:49
4 - 15% - 10% - 7:40
Normal Defense
1 - 37% - 40% - 18:33
2 - 25% - 30% - 12:18
3 - 26% - 20% - 12:46
4 - 12% - 10% - 5:52
PP Forward
1 - 65% - 60% - 1:40
2 - 35% - 40% - 0:55
PP Defense
1 - 56% - 60% - 1:27
2 - 44% - 40% - 1:08
PK Forward
1 - 70% - 60% - 5:33
2 - 30% - 40% - 2:23
PK Defense
1 - 64% - 60% - 5:07
2 - 36% - 40% - 2:49
PK3 Forward
1 - 0% - 60%
2 - 0% - 40%
PK3 Defense
1 - 0% - 60%
2 - 0% - 40%
44 Forward
1 - 0% - 60%
2 - 0% - 40%
44 Defense
1 - 0% - 60%
2 - 0% - 40%
Last Minute Offensive - 0:00
Last Minute Defensive - 0:00
Total
Forward - 60:00
Defense - 60:00
|
% Time on Ice - Punishers
Lines # - Real PCT - Wanted PCT - Time Play
Normal Forward
1 - 33% - 40% - 16:34
2 - 26% - 31% - 13:03
3 - 22% - 20% - 10:54
4 - 18% - 9% - 8:58
Normal Defense
1 - 34% - 40% - 16:36
2 - 34% - 30% - 16:54
3 - 25% - 20% - 12:09
4 - 8% - 10% - 3:50
PP Forward
1 - 60% - 60% - 4:44
2 - 40% - 40% - 3:12
PP Defense
1 - 66% - 60% - 5:13
2 - 34% - 40% - 2:43
PK Forward
1 - 77% - 60% - 1:59
2 - 23% - 40% - 0:36
PK Defense
1 - 66% - 60% - 1:42
2 - 34% - 40% - 0:53
PK3 Forward
1 - 0% - 60%
2 - 0% - 40%
PK3 Defense
1 - 0% - 60%
2 - 0% - 40%
44 Forward
1 - 0% - 60%
2 - 0% - 40%
44 Defense
1 - 0% - 60%
2 - 0% - 40%
Last Minute Offensive - 0:00
Last Minute Defensive - 0:00
Total
Forward - 60:00
Defense - 60:00
|
Play-by-Play
1st period
0:01 of 1st period - Dominik Simon wins face-off versus John Quenneville in neutral zone.
0:12 of 1st period - Slapshot by Dominik Simon.
0:12 of 1st period - Deflect By Joachim Blichfeld.
0:12 of 1st period - Shot Misses the Net.
0:12 of 1st period - Puck is out of play.
0:13 of 1st period - Kevin Roy wins face-off versus Anthony Richard in Punishers zone.
0:45 of 1st period - Matt Roy is hit by Fredrik Claesson and loses puck.
1:35 of 1st period - Wrist shot by Jesse Ylonen.
1:35 of 1st period - Shot Misses the Net.
1:55 of 1st period - Wrist shot by Kevin Roy.
1:55 of 1st period - Shot Blocked by Ethan Bear.
2:13 of 1st period - Snap shot by Artturi Lehkonen.
2:13 of 1st period - Shot Misses the Net.
2:37 of 1st period - Snap shot by Oskar Lindblom.
2:37 of 1st period - Shot Misses the Net.
2:44 of 1st period - Icing by Henri Jokiharju.
2:45 of 1st period - Ben Meyers wins face-off versus Trent Frederic in Rampage zone.
3:53 of 1st period - Artturi Lehkonen is hit by Tanner Jeannot.
4:19 of 1st period - Matt Roy is hit by Daniel Audette.
4:35 of 1st period - Frederic Allard is hit by Kevin Roy and loses puck.
4:54 of 1st period - Slapshot by Jeremy Lauzon.
4:54 of 1st period - Stopped by Antoine Bibeau without a rebound.
4:55 of 1st period - Rourke Chartier wins face-off versus John Quenneville in Punishers zone.
4:58 of 1st period - Slapshot by Joachim Blichfeld.
4:58 of 1st period - Shot Blocked by Connor Clifton.
5:00 of 1st period - Slapshot by Ethan Bear.
5:00 of 1st period - Shot Blocked by Corey Tropp.
5:02 of 1st period - Slapshot by Jeremy Lauzon.
5:02 of 1st period - Stopped by Antoine Bibeau without a rebound.
5:03 of 1st period - Rourke Chartier wins face-off versus John Quenneville in Punishers zone.
5:04 of 1st period - Slapshot by Ethan Bear.
5:04 of 1st period - Stopped by Antoine Bibeau without a rebound.
5:05 of 1st period - John Quenneville wins face-off versus Rourke Chartier in Punishers zone.
5:18 of 1st period - Snap shot by Dominik Simon.
5:18 of 1st period - Shot Blocked by Oskar Lindblom.
5:20 of 1st period - Slapshot by Ethan Bear.
5:20 of 1st period - Shot Blocked by Connor Clifton.
5:22 of 1st period - Snap shot by Joachim Blichfeld.
5:22 of 1st period - Shot Misses the Net.
5:26 of 1st period - Snap shot by Rourke Chartier.
5:26 of 1st period - Shot Misses the Net.
5:28 of 1st period - Slapshot by Ethan Bear.
5:28 of 1st period - Stopped by Antoine Bibeau with a rebound.
6:03 of 1st period - Slapshot by Dominik Simon.
6:03 of 1st period - Shot Misses the Net.
6:05 of 1st period - Backhand shot by Ethan Bear.
6:05 of 1st period - Shot Blocked by Niko Mikkola.
6:20 of 1st period - Snap shot by Rourke Chartier.
6:20 of 1st period - Shot Misses the Net.
6:22 of 1st period - Slapshot by Joachim Blichfeld.
6:22 of 1st period - Shot Misses the Net.
6:40 of 1st period - Snap shot by Dominik Simon.
6:40 of 1st period - Shot Misses the Net.
8:19 of 1st period - Backhand shot by Joachim Blichfeld.
8:19 of 1st period - Deflect By Dominik Simon.
8:19 of 1st period - Shot Misses the Net.
8:19 of 1st period - Puck is out of play.
8:20 of 1st period - Kevin Roy wins face-off versus Anthony Richard in Punishers zone.
8:27 of 1st period - Wrist shot by Kevin Roy.
8:27 of 1st period - Shot Misses the Net.
8:29 of 1st period - Slapshot by Artem Zub.
8:29 of 1st period - Stopped by Jake Oettinger without a rebound.
8:30 of 1st period - Jordan Kyrou wins face-off versus Kevin Roy in Rampage zone.
8:37 of 1st period - Snap shot by Phillip Danault.
8:37 of 1st period - Stopped by Jake Oettinger with a rebound.
8:39 of 1st period - Slapshot by Noah Juulsen.
8:39 of 1st period - Stopped by Jake Oettinger without a rebound.
8:40 of 1st period - Kevin Roy wins face-off versus Anthony Richard in Rampage zone.
8:45 of 1st period - Wrist shot by Phillip Danault.
8:45 of 1st period - Stopped by Jake Oettinger with a rebound.
8:51 of 1st period - Slapshot by Anthony Richard.
8:51 of 1st period - Shot Blocked by Artem Zub.
8:53 of 1st period - Backhand shot by Matt Roy.
8:53 of 1st period - Deflect By Jordan Kyrou.
8:53 of 1st period - Stopped by Antoine Bibeau with a rebound.
8:55 of 1st period - Slapshot by Dylan Blujus.
8:55 of 1st period - Stopped by Antoine Bibeau with a rebound.
8:57 of 1st period - Slapshot by Dylan Blujus.
8:57 of 1st period - Deflect By Anthony Richard.
8:57 of 1st period - Stopped by Antoine Bibeau with a rebound.
9:22 of 1st period - Snap shot by Kole Lind.
9:22 of 1st period - Shot Misses the Net.
9:24 of 1st period - Snap shot by Phillip Danault.
9:24 of 1st period - Shot Blocked by Matt Roy.
9:44 of 1st period - Snap shot by Kole Lind.
9:44 of 1st period - Shot Blocked by Matt Roy.
9:44 of 1st period - Matt Roy from Rampage is injured at 9:44 of 1st period (Left Foot).
9:45 of 1st period - Anthony Richard wins face-off versus Daniel Audette in Rampage zone.
10:19 of 1st period - Backhand shot by Dylan Sikura.
10:19 of 1st period - Shot Blocked by Artem Zub.
10:21 of 1st period - Slapshot by Dylan Blujus.
10:21 of 1st period - Stopped by Antoine Bibeau with a rebound.
10:23 of 1st period - Snap shot by Dylan Sikura.
10:23 of 1st period - Shot Misses the Net.
10:37 of 1st period - Ethan Bear is hit by Tanner Jeannot and loses puck.
11:06 of 1st period - Snap shot by Corey Tropp.
11:06 of 1st period - Stopped by Jake Oettinger without a rebound.
11:07 of 1st period - Daniel Audette wins face-off versus Anthony Richard in Rampage zone.
11:40 of 1st period - Snap shot by Dominik Simon.
11:40 of 1st period - Stopped by Antoine Bibeau without a rebound.
11:41 of 1st period - Kevin Roy wins face-off versus Rourke Chartier in Punishers zone.
11:50 of 1st period - Snap shot by Phillip Danault.
11:50 of 1st period - Shot Misses the Net.
11:52 of 1st period - Snap shot by Kevin Roy.
11:52 of 1st period - Stopped by Jake Oettinger with a rebound.
11:57 of 1st period - Off-side.
11:58 of 1st period - Anthony Richard wins face-off versus Daniel Audette in neutral zone.
12:25 of 1st period - Kevin Roy is hit by Artturi Lehkonen and loses puck.
12:50 of 1st period - Snap shot by Corey Tropp.
12:50 of 1st period - Stopped by Jake Oettinger with a rebound.
13:26 of 1st period - Daniel Audette is hit by Dylan Blujus and loses puck.
13:49 of 1st period - Wrist shot by Kole Lind.
13:49 of 1st period - Stopped by Jake Oettinger without a rebound.
13:50 of 1st period - Kevin Roy wins face-off versus Zach Stepan in Rampage zone.
13:57 of 1st period - Snap shot by Phillip Danault.
13:57 of 1st period - Shot Misses the Net.
13:59 of 1st period - Snap shot by Kevin Roy.
13:59 of 1st period - Stopped by Jake Oettinger with a rebound.
14:01 of 1st period - Slapshot by Phillip Danault.
14:01 of 1st period - Shot Blocked by Dylan Blujus.
14:15 of 1st period - Corey Tropp is hit by Rourke Chartier and loses puck.
14:20 of 1st period - Wrist shot by Rourke Chartier.
14:20 of 1st period - Shot Blocked by Niko Mikkola.
14:22 of 1st period - Wrist shot by Dominik Simon.
14:22 of 1st period - Stopped by Antoine Bibeau without a rebound.
14:23 of 1st period - Jordan Kyrou wins face-off versus Kevin Roy in Punishers zone.
14:27 of 1st period - Icing by Noah Juulsen.
14:28 of 1st period - Anthony Richard wins face-off versus Kevin Roy in Punishers zone.
14:48 of 1st period - Icing by Kevin Roy.
14:49 of 1st period - Zach Stepan wins face-off versus Kevin Roy in Punishers zone.
14:58 of 1st period - Slapshot by Dylan Sikura.
14:58 of 1st period - Shot Misses the Net.
15:22 of 1st period - Snap shot by John Quenneville.
15:22 of 1st period - Shot Misses the Net.
15:34 of 1st period - Pierre Engvall is hit by John Quenneville and loses puck.
15:47 of 1st period - Wrist shot by Anthony Richard.
15:47 of 1st period - Shot Blocked by Oskar Lindblom.
16:00 of 1st period - Slapshot by Jordan Kyrou.
16:00 of 1st period - Goal by Jordan Kyrou - Rampage : 1 - Punishers : 0.
16:01 of 1st period - Zach Stepan wins face-off versus Austen Brassard in neutral zone.
16:07 of 1st period - Dylan Blujus is hit by Fredrik Claesson and loses puck.
16:16 of 1st period - Wrist shot by Dylan Sikura.
16:16 of 1st period - Stopped by Antoine Bibeau without a rebound.
16:17 of 1st period - Oskar Lindblom wins face-off versus Rourke Chartier in Punishers zone.
16:24 of 1st period - Joachim Blichfeld is hit by Oskar Lindblom.
16:44 of 1st period - Zach Stepan is hit by Fredrik Claesson and loses puck.
17:13 of 1st period - Ethan Bear is hit by Phillip Danault and loses puck.
17:26 of 1st period - Niko Mikkola is hit by Frederic Allard and loses puck.
17:37 of 1st period - Wrist shot by Ethan Bear.
17:37 of 1st period - Shot Misses the Net.
17:51 of 1st period - Corey Tropp is hit by Rourke Chartier.
18:50 of 1st period - Henri Jokiharju is hit by Tanner Jeannot and loses puck.
18:57 of 1st period - Snap shot by Tanner Jeannot.
18:57 of 1st period - Stopped by Jake Oettinger without a rebound.
18:58 of 1st period - Rourke Chartier wins face-off versus John Quenneville in Rampage zone.
19:07 of 1st period - Snap shot by Joachim Blichfeld.
19:07 of 1st period - Stopped by Antoine Bibeau with a rebound.
19:33 of 1st period - Slapshot by Anthony Richard.
19:33 of 1st period - Goal by Anthony Richard - Rampage : 2 - Punishers : 0.
19:34 of 1st period - John Quenneville wins face-off versus Rourke Chartier in neutral zone.
Goals for this period are 2 for Rampage vs 0 for Punishers.
Shots for this period are 14 for Rampage vs 10 for Punishers.
2nd period
0:01 of 2nd period - John Quenneville wins face-off versus Anthony Richard in neutral zone.
0:14 of 2nd period - Slapshot by Dylan Blujus.
0:14 of 2nd period - Shot Misses the Net.
1:02 of 2nd period - Snap shot by Joachim Blichfeld.
1:02 of 2nd period - Stopped by Antoine Bibeau with a rebound.
1:18 of 2nd period - Slapshot by Jesse Ylonen.
1:18 of 2nd period - Stopped by Jake Oettinger with a rebound.
1:42 of 2nd period - Minor Penalty to Emil Bemstrom for Slashing.
1:43 of 2nd period - John Quenneville wins face-off versus Trent Frederic in Rampage zone.
3:42 of 2nd period - Penalty to Emil Bemstrom is over, Emil Bemstrom is back on ice.
3:56 of 2nd period - Jeremy Lauzon is hit by Austen Brassard and loses puck.
4:15 of 2nd period - Slapshot by Dominik Simon.
4:15 of 2nd period - Stopped by Antoine Bibeau with a rebound.
4:17 of 2nd period - Wrist shot by Joachim Blichfeld.
4:17 of 2nd period - Goal by Joachim Blichfeld - Rampage : 3 - Punishers : 0.
4:18 of 2nd period - Phillip Danault wins face-off versus Rourke Chartier in neutral zone.
5:10 of 2nd period - Snap shot by Daniel Audette.
5:10 of 2nd period - Deflect By Anton Blidh.
5:10 of 2nd period - Goal by Anton Blidh - Rampage : 3 - Punishers : 1.
5:11 of 2nd period - John Quenneville wins face-off versus Anthony Richard in neutral zone.
5:20 of 2nd period - Ethan Bear is hit by Oskar Lindblom and loses puck.
5:57 of 2nd period - Minor Penalty to Dylan Sikura for Roughing.
5:58 of 2nd period - Pierre Engvall wins face-off versus John Quenneville in Rampage zone.
6:05 of 2nd period - Off-side.
6:06 of 2nd period - John Quenneville wins face-off versus Trent Frederic in neutral zone.
6:20 of 2nd period - Icing by Artem Zub.
6:21 of 2nd period - John Quenneville wins face-off versus Trent Frederic in Punishers zone.
6:30 of 2nd period - Wrist shot by Pierre Engvall.
6:30 of 2nd period - Stopped by Antoine Bibeau with a rebound.
6:38 of 2nd period - Wrist shot by Oskar Lindblom.
6:38 of 2nd period - Stopped by Jake Oettinger without a rebound.
6:39 of 2nd period - Trent Frederic wins face-off versus Phillip Danault in Rampage zone.
7:06 of 2nd period - Wrist shot by Corey Tropp.
7:06 of 2nd period - Shot Misses the Net.
7:08 of 2nd period - Slapshot by Fredrik Claesson.
7:08 of 2nd period - Shot Blocked by Henri Jokiharju.
7:10 of 2nd period - Backhand shot by Oskar Lindblom.
7:10 of 2nd period - Deflect By John Quenneville.
7:10 of 2nd period - Stopped by Jake Oettinger without a rebound.
7:11 of 2nd period - John Quenneville wins face-off versus Pierre Engvall in Rampage zone.
7:16 of 2nd period - Snap shot by John Quenneville.
7:16 of 2nd period - Shot Misses the Net.
7:18 of 2nd period - Wrist shot by Oskar Lindblom.
7:18 of 2nd period - Stopped by Jake Oettinger with a rebound.
7:24 of 2nd period - Snap shot by John Quenneville.
7:24 of 2nd period - Stopped by Jake Oettinger without a rebound.
7:25 of 2nd period - John Quenneville wins face-off versus Trent Frederic in Rampage zone.
7:57 of 2nd period - Penalty to Dylan Sikura is over, Dylan Sikura is back on ice.
8:26 of 2nd period - Wrist shot by Artturi Lehkonen.
8:26 of 2nd period - Stopped by Antoine Bibeau with a rebound.
8:50 of 2nd period - Slapshot by Ben Betker.
8:50 of 2nd period - Stopped by Jake Oettinger with a rebound.
9:00 of 2nd period - Slapshot by Ben Betker.
9:00 of 2nd period - Deflect By Ben Meyers.
9:00 of 2nd period - Stopped by Jake Oettinger without a rebound.
9:01 of 2nd period - John Quenneville wins face-off versus Dominik Simon in Rampage zone.
9:48 of 2nd period - Pierre Engvall is hit by Phillip Danault and loses puck.
9:55 of 2nd period - Snap shot by Phillip Danault.
9:55 of 2nd period - Shot Blocked by Jeremy Lauzon.
10:11 of 2nd period - Anthony Richard is hit by Oskar Lindblom and loses puck.
10:50 of 2nd period - Artturi Lehkonen is hit by Tanner Jeannot and loses puck.
12:15 of 2nd period - Jeremy Lauzon is hit by Anton Blidh and loses puck.
12:45 of 2nd period - Tanner Jeannot is hit by Jordan Kyrou and loses puck.
13:08 of 2nd period - Jeremy Lauzon is hit by Phillip Danault and loses puck.
13:19 of 2nd period - Wrist shot by Kevin Roy.
13:19 of 2nd period - Shot Blocked by Jordan Kyrou.
13:29 of 2nd period - John Quenneville is hit by Dominik Simon and loses puck.
13:37 of 2nd period - Icing by Connor Clifton.
13:38 of 2nd period - John Quenneville wins face-off versus Zach Stepan in Punishers zone.
13:51 of 2nd period - Snap shot by Kole Lind.
13:51 of 2nd period - Shot Misses the Net.
13:53 of 2nd period - Snap shot by Kole Lind.
13:53 of 2nd period - Stopped by Jake Oettinger without a rebound.
13:54 of 2nd period - John Quenneville wins face-off versus Rourke Chartier in Rampage zone.
14:19 of 2nd period - Phillip Danault is hit by Pierre Engvall and loses puck.
14:30 of 2nd period - Pierre Engvall is hit by Kevin Roy and loses puck.
14:37 of 2nd period - Artem Zub is hit by Jordan Kyrou and loses puck.
14:44 of 2nd period - Wrist shot by Jordan Kyrou.
14:44 of 2nd period - Stopped by Antoine Bibeau without a rebound.
14:45 of 2nd period - John Quenneville wins face-off versus Rourke Chartier in Punishers zone.
14:45 of 2nd period - John Quenneville is hit by Joachim Blichfeld.
15:54 of 2nd period - Ben Betker is hit by Anthony Richard and loses puck.
16:07 of 2nd period - Austen Brassard is hit by Jeremy Lauzon and loses puck.
16:44 of 2nd period - Wrist shot by Oskar Lindblom.
16:44 of 2nd period - Stopped by Jake Oettinger with a rebound.
16:46 of 2nd period - Slapshot by Noah Juulsen.
16:46 of 2nd period - Stopped by Jake Oettinger without a rebound.
16:47 of 2nd period - Kevin Roy wins face-off versus Rourke Chartier in Rampage zone.
16:52 of 2nd period - Snap shot by Kevin Roy.
16:52 of 2nd period - Deflect By Phillip Danault.
16:52 of 2nd period - Shot Misses the Net.
16:52 of 2nd period - Puck is out of play.
16:53 of 2nd period - Kevin Roy wins face-off versus Rourke Chartier in Rampage zone.
17:04 of 2nd period - Slapshot by Kole Lind.
17:04 of 2nd period - Shot Misses the Net.
17:20 of 2nd period - Minor Penalty to Dominik Simon for Hooking.
17:21 of 2nd period - Trent Frederic wins face-off versus John Quenneville in Rampage zone.
19:20 of 2nd period - Penalty to Dominik Simon is over, Dominik Simon is back on ice.
19:45 of 2nd period - Wrist shot by Joachim Blichfeld.
19:45 of 2nd period - Stopped by Antoine Bibeau with a rebound.
19:57 of 2nd period - Wrist shot by Anton Blidh.
19:57 of 2nd period - Shot Blocked by Frederic Allard.
19:59 of 2nd period - Wrist shot by Daniel Audette.
19:59 of 2nd period - Shot Misses the Net.
Goals for this period are 1 for Rampage vs 1 for Punishers.
Shots for this period are 7 for Rampage vs 11 for Punishers.
3rd period
0:01 of 3rd period - John Quenneville wins face-off versus Rourke Chartier in neutral zone.
0:10 of 3rd period - Wrist shot by John Quenneville.
0:10 of 3rd period - Stopped by Jake Oettinger without a rebound.
0:11 of 3rd period - John Quenneville wins face-off versus Rourke Chartier in Rampage zone.
0:36 of 3rd period - Kole Lind is hit by Henri Jokiharju and loses puck.
0:59 of 3rd period - Icing by Anton Blidh.
1:00 of 3rd period - Daniel Audette wins face-off versus Anthony Richard in Punishers zone.
1:45 of 3rd period - Icing by Connor Clifton.
1:46 of 3rd period - John Quenneville wins face-off versus Zach Stepan in Punishers zone.
1:51 of 3rd period - Slapshot by Ethan Bear.
1:51 of 3rd period - Stopped by Antoine Bibeau with a rebound.
1:53 of 3rd period - Snap shot by Artturi Lehkonen.
1:53 of 3rd period - Deflect By Zach Stepan.
1:53 of 3rd period - Shot Misses the Net.
1:53 of 3rd period - Puck is out of play.
1:54 of 3rd period - Phillip Danault wins face-off versus Rourke Chartier in Punishers zone.
2:06 of 3rd period - Wrist shot by Kole Lind.
2:06 of 3rd period - Stopped by Jake Oettinger without a rebound.
2:07 of 3rd period - Rourke Chartier wins face-off versus John Quenneville in Rampage zone.
2:07 of 3rd period - Rourke Chartier is hit by Oskar Lindblom.
4:02 of 3rd period - Rourke Chartier is hit by Ben Meyers and loses puck.
4:23 of 3rd period - Slapshot by Jesse Ylonen.
4:23 of 3rd period - Shot Blocked by Frederic Allard.
4:25 of 3rd period - Slapshot by Artem Zub.
4:25 of 3rd period - Shot Misses the Net.
4:27 of 3rd period - Slapshot by Artem Zub.
4:27 of 3rd period - Shot Misses the Net.
4:29 of 3rd period - Slapshot by Noah Juulsen.
4:29 of 3rd period - Shot Blocked by Frederic Allard.
4:31 of 3rd period - Slapshot by Noah Juulsen.
4:31 of 3rd period - Shot Blocked by Frederic Allard.
4:33 of 3rd period - Wrist shot by Jesse Ylonen.
4:33 of 3rd period - Stopped by Jake Oettinger with a rebound.
4:35 of 3rd period - Snap shot by Ben Meyers.
4:35 of 3rd period - Deflect By Tanner Jeannot.
4:35 of 3rd period - Shot Misses the Net.
4:35 of 3rd period - Puck is out of play.
4:36 of 3rd period - John Quenneville wins face-off versus Rourke Chartier in Rampage zone.
4:43 of 3rd period - Snap shot by Oskar Lindblom.
4:43 of 3rd period - Deflect By Dylan Blujus.
4:43 of 3rd period - Shot Blocked by Joachim Blichfeld.
4:43 of 3rd period - Puck is out of play.
4:44 of 3rd period - Corey Tropp wins face-off versus Rourke Chartier in Rampage zone.
5:07 of 3rd period - Slapshot by Joachim Blichfeld.
5:07 of 3rd period - Shot Blocked by Ben Betker.
5:15 of 3rd period - Henri Jokiharju is hit by Kole Lind and loses puck.
5:30 of 3rd period - Niko Mikkola is hit by Artturi Lehkonen and loses puck.
5:58 of 3rd period - Snap shot by Jordan Kyrou.
5:58 of 3rd period - Stopped by Antoine Bibeau with a rebound.
6:08 of 3rd period - Kole Lind is hit by Jeremy Lauzon and loses puck.
6:33 of 3rd period - Icing by Austen Brassard.
6:34 of 3rd period - Rourke Chartier wins face-off versus Daniel Audette in Punishers zone.
6:41 of 3rd period - Wrist shot by Joachim Blichfeld.
6:41 of 3rd period - Shot Blocked by Ben Betker.
6:43 of 3rd period - Slapshot by Ethan Bear.
6:43 of 3rd period - Shot Misses the Net.
6:57 of 3rd period - Minor Penalty to Corey Tropp for Holding.
6:58 of 3rd period - Rourke Chartier wins face-off versus John Quenneville in Punishers zone.
7:01 of 3rd period - Slapshot by Dominik Simon.
7:01 of 3rd period - Stopped by Antoine Bibeau without a rebound.
7:02 of 3rd period - Rourke Chartier wins face-off versus John Quenneville in Punishers zone.
7:17 of 3rd period - Slapshot by Ethan Bear.
7:17 of 3rd period - Deflect By Dominik Simon.
7:17 of 3rd period - Stopped by Antoine Bibeau without a rebound.
7:18 of 3rd period - Rourke Chartier wins face-off versus John Quenneville in Punishers zone.
7:27 of 3rd period - Snap shot by Jordan Kyrou.
7:27 of 3rd period - Shot Blocked by John Quenneville.
7:29 of 3rd period - Snap shot by Rourke Chartier.
7:29 of 3rd period - Shot Blocked by Phillip Danault.
7:31 of 3rd period - Slapshot by Rourke Chartier.
7:31 of 3rd period - Stopped by Antoine Bibeau with a rebound.
7:33 of 3rd period - Slapshot by Jeremy Lauzon.
7:33 of 3rd period - Goal by Jeremy Lauzon - Rampage : 4 - Punishers : 1.
7:34 of 3rd period - John Quenneville wins face-off versus Rourke Chartier in neutral zone.
9:48 of 3rd period - Minor Penalty to Ethan Bear for Elbowing.
9:49 of 3rd period - John Quenneville wins face-off versus Zach Stepan in Rampage zone.
10:01 of 3rd period - Snap shot by John Quenneville.
10:01 of 3rd period - Stopped by Jake Oettinger without a rebound.
10:02 of 3rd period - Zach Stepan wins face-off versus John Quenneville in Rampage zone.
10:12 of 3rd period - Snap shot by Corey Tropp.
10:12 of 3rd period - Stopped by Jake Oettinger with a rebound.
10:14 of 3rd period - Snap shot by Oskar Lindblom.
10:14 of 3rd period - Shot Blocked by Henri Jokiharju.
10:16 of 3rd period - Slapshot by Oskar Lindblom.
10:16 of 3rd period - Shot Misses the Net.
10:18 of 3rd period - Wrist shot by Corey Tropp.
10:18 of 3rd period - Stopped by Jake Oettinger with a rebound.
10:28 of 3rd period - Dylan Blujus is hit by Noah Juulsen and loses puck.
10:35 of 3rd period - Kevin Roy is hit by Dylan Blujus and loses puck.
11:48 of 3rd period - Penalty to Ethan Bear is over, Ethan Bear is back on ice.
12:03 of 3rd period - Off-side.
12:04 of 3rd period - Daniel Audette wins face-off versus Rourke Chartier in neutral zone.
12:09 of 3rd period - Niko Mikkola is hit by Rourke Chartier and loses puck.
12:26 of 3rd period - Anton Blidh is hit by Pierre Engvall and loses puck.
13:00 of 3rd period - Minor Penalty to Oskar Lindblom for Slashing.
13:01 of 3rd period - John Quenneville wins face-off versus Rourke Chartier in Punishers zone.
13:28 of 3rd period - John Quenneville is hit by Joachim Blichfeld and loses puck.
13:39 of 3rd period - Phillip Danault is hit by Paul Cotter and loses puck.
14:04 of 3rd period - Wrist shot by Anton Blidh.
14:04 of 3rd period - Shot Blocked by Dylan Blujus.
14:36 of 3rd period - Rourke Chartier is hit by Noah Juulsen and loses puck.
14:48 of 3rd period - Icing by Jordan Kyrou.
14:49 of 3rd period - Kevin Roy wins face-off versus Anthony Richard in Rampage zone.
15:00 of 3rd period - Penalty to Oskar Lindblom is over, Oskar Lindblom is back on ice.
15:33 of 3rd period - Slapshot by Anton Blidh.
15:33 of 3rd period - Shot Blocked by Ethan Bear.
15:35 of 3rd period - Snap shot by Anton Blidh.
15:35 of 3rd period - Stopped by Jake Oettinger with a rebound.
16:21 of 3rd period - Tanner Jeannot is hit by Dylan Blujus and loses puck.
17:01 of 3rd period - Oskar Lindblom is hit by Paul Cotter and loses puck.
17:08 of 3rd period - Corey Tropp is hit by Emil Bemstrom and loses puck.
17:26 of 3rd period - Kole Lind is hit by Dylan Sikura and loses puck.
18:00 of 3rd period - Connor Clifton is hit by Ethan Bear and loses puck.
18:22 of 3rd period - Icing by Anthony Richard.
18:23 of 3rd period - Kevin Roy wins face-off versus Trent Frederic in Rampage zone.
18:56 of 3rd period - Wrist shot by Daniel Audette.
18:56 of 3rd period - Stopped by Jake Oettinger without a rebound.
18:57 of 3rd period - Rourke Chartier wins face-off versus John Quenneville in Rampage zone.
19:26 of 3rd period - Slapshot by Kevin Roy.
19:26 of 3rd period - Stopped by Jake Oettinger without a rebound.
19:27 of 3rd period - Artturi Lehkonen wins face-off versus Kevin Roy in Rampage zone.
19:34 of 3rd period - Slapshot by Zach Stepan.
19:34 of 3rd period - Deflect By Artturi Lehkonen.
19:34 of 3rd period - Stopped by Antoine Bibeau without a rebound.
19:35 of 3rd period - John Quenneville wins face-off versus Rourke Chartier in Punishers zone.
19:42 of 3rd period - Wrist shot by Rourke Chartier.
19:42 of 3rd period - Shot Misses the Net.
19:44 of 3rd period - Slapshot by Jeremy Lauzon.
19:44 of 3rd period - Shot Blocked by Ben Betker.
Goals for this period are 1 for Rampage vs 0 for Punishers.
Shots for this period are 7 for Rampage vs 9 for Punishers.
Output by the SimonT Hockey Simulator (STHS) for Francois Prevost